cohdb
Replays
Latest Replays
All Replays
Popular Replays
Top Player Replays
Match Explorer
How It Works
Community
CoH3 Stats
Reddit
Sign in to upload your games and track your stats! →
Sign in with Steam
Match 37835946
Unlisted
Match 37835946
Overview
Messages
Build Orders
End
Panzergrenadier Squad
Panzergrenadier Squad
250 Light Carrier
Construct Light Support Kompanie
Fire Support Elements
Selects Armored Support Battlegroup
Selects Salvage Kits
Selects Salvage Kits
Veteran Squad Leaders
Flakvierling Half-track
2.5-tonne Medical Truck
Pak 38 Mechanized Group
Combat Half-tracks
Construct Panzerarmee Kommand
Panzer III L Medium Tank
Rapid Advance
Panzer III L Medium Tank
Selects Veteran Gunners
Selects Panzer Storm
Emergency Repair Kits
Selects Panzer Storm
Panzer III L Medium Tank
Selects Stuka Anti-tank Loiter
Panzer III L Medium Tank
Panzer III L Medium Tank
Kuzu 1
kerem
Wildcard
CPU - VERY EASY
Guest0609
BookieCox
15231256
뀨삭
0
0
Comments
sign in to comment!
No comments posted yet!